 Dungeon Crawl Stone Soup version 0.28-a0-998-gb9e9c7b67e (webtiles) character file.

Game seed: 14959972386578306230

18134 pokeman the Eclecticist (level 12, -33/68 HPs)
             Began as a Deep Elf Hedge Wizard on Dec 5, 2021.
             Was an Elder of Vehumet.
             Killed from afar by Frances (34 damage)
             ... with an iron shot
             ... on level 13 of the Dungeon.
             The game lasted 00:48:38 (15184 turns).

pokeman the Eclecticist (Deep Elf Hedge Wizard)    Turns: 15184, Time: 00:48:39

Health: -33/68     AC: 14    Str:  7    XL:     12   Next: 25%
Magic:  5/44       EV: 13    Int: 25    God:    Vehumet [****..]
Gold:   1276       SH:  0    Dex: 14    Spells: 16/45 levels left

rFire   + + .      SeeInvis .   J - +2 spear (venom)
rCold   x . .      Faith    .   (no shield)
rNeg    . . .      Spirit   .   E - +0 steam dragon scales
rPois   +          Reflect  .   u - +1 helmet of the Stallion {rPois rF+}
rElec   .          Harm     .   z - +2 cloak
rCorr   .          Rampage  .   m - +0 pair of gloves
Will    +....                   F - +0 pair of boots
Stlth   ++........              r - amulet of magic regeneration
HPRegen 0.21/turn               O - ring of magical power
MPRegen 0.69/turn               p - ring of fire

@: studying Unarmed Combat
A: no striking features
a: Renounce Religion


You were on level 13 of the Dungeon.
You worshipped Vehumet.
Vehumet was greatly pleased with you.
You visited 2 branches of the dungeon, and saw 14 of its levels.
You also visited: Bailey.

You collected 1691 gold pieces.
You spent 415 gold pieces at shops.

Inventory:

Hand Weapons
 y - a +2 quarterstaff of chaos
 J - a +2 spear of venom (weapon)
 L - a +0 hand crossbow
Missiles
 i - 115 bolts
 s - a throwing net
 A - 179 arrows
Armour
 m - a +0 pair of gloves (worn)
 u - the +1 helmet of the Stallion (worn) {rPois rF+}
   (You bought it in a shop on level 9 of the Dungeon)

   rF:        It protects you from fire.
   rPois:     It protects you from poison.
 z - a +2 cloak (worn)
 E - +0 steam dragon scales (worn)
 F - a +0 pair of boots (worn)
Jewellery
 j - a +6 ring of strength
 p - a ring of fire (right hand)
 q - a ring of poison resistance
 r - an amulet of magic regeneration (around neck)
 t - a ring of protection from fire
 D - a ring of protection from cold
 K - a ring of positive energy
 O - a ring of magical power (left hand)
Wands
 v - a wand of mindburst (1)
 M - a wand of polymorph (4)
Scrolls
 d - 2 scrolls of brand weapon
 e - 2 scrolls of fog
 g - 3 scrolls of holy word
 h - 3 scrolls of vulnerability
 n - 3 scrolls of enchant weapon
 o - 3 scrolls of immolation
 G - 3 scrolls of teleportation
Potions
 a - 4 potions of curing {unknown}
 b - 4 potions of lignification {unknown}
 c - 2 potions of flight {unknown}
 f - 5 potions of brilliance {unknown}
 k - 2 potions of magic {unknown}
 l - 6 potions of haste {unknown}
 w - 6 potions of heal wounds {unknown}
 x - 7 potions of invisibility {unknown}
 B - a potion of berserk rage {unknown}
 C - 2 potions of cancellation {unknown}
 H - a potion of ambrosia {unknown}
 N - a potion of mutation {unknown}
 P - a potion of experience {unknown}


   Skills:
 + Level 5.4 Fighting
 - Level 5.0 Armour
 - Level 3.0 Dodging
 - Level 3.0 Stealth
 * Level 17.0 Spellcasting
 + Level 10.1 Conjurations
 - Level 1.1 Summonings
 - Level 1.1 Translocations
 + Level 9.0 Fire Magic
 - Level 1.2 Air Magic
 - Level 2.1 Poison Magic
 - Level 2.0 Evocations


You had 16 spell levels left.
You knew the following spells:

 Your Spells              Type           Power      Damage    Failure   Level
a - Magic Dart            Conj           100%       1d8       1%          1
b - Mephitic Cloud        Conj/Pois/Air  43%        N/A       1%          3
c - Call Imp              Summ           26%        N/A       2%          2
d - Blink                 Tloc           52%        N/A       2%          2
e - Conjure Flame         Conj/Fire      80%        6-21      1%          3
f - Foxfire               Conj/Fire      100%       2x1d9     1%          1
g - Flame Wave            Conj/Fire      80%        2d12      1%          4
h - Fireball              Conj/Fire      40%        3d16      1%          5
i - Lightning Bolt        Conj/Air       24%        1d40      1%          5
j - Stone Arrow           Conj/Erth      92%        3d12      1%          3

Your spell library contained the following spells:

 Spells                   Type           Power      Damage    Failure   Level
 Shock                    Conj/Air       100%       1d9       1%          1
 Ignite Poison            Fire/Tmut/Pois 56%        N/A       1%          3
 Sticky Flame             Conj/Fire      80%        2d9       1%          4
 Pain                     Necr           84%        1d8       2%          1
 Slow                     Hex            84%        N/A       2%          1
 Agony                    Necr           21%        N/A       54%         5
 Excruciating Wounds      Necr           10%        N/A       54%         5


Dungeon Overview and Level Annotations

Branches:
Dungeon (13/15)            Temple (1/1) D:5            Lair (0/6) D:9
    Orc (0/2) D:11         Bailey (visited)
 Vaults: D:13-14

Altars:
Cheibriados
Gozag
Hepliaklqana
Makhleb
Nemelex Xobeh
Sif Muna
Trog
Uskayaw
Vehumet
Xom
Yredelemnul
Zin

Shops:
D:7 *   D:9 (=[(   D:10 *

Annotations:
D:13 Frances


Message History

The sun demon resists.
The sun demon is moderately wounded.
The bolt of lightning misses Frances.
The bolt of lightning hits the soul eater!!!
The soul eater is severely wounded.
You hear a shout!
The sun demon barely misses you.
A soul eater opens the door.
Casting: Lightning Bolt (dangerous; 1% risk of failure)
Confirm with . or Enter, or press ? or * to list all spells.
Aiming: Lightning Bolt (dangerous; 1% risk of failure)
Press: ? - help, Shift-Dir - straight line, f/p - Frances
Aim: Frances, wielding a +0 dire flail and wearing a +0 ring mail (almost dead, fast, 69% to hit)
You hear a mighty clap of thunder!
The bolt of lightning hits the sun demon.
The sun demon resists.
The sun demon is moderately wounded.
The bolt of lightning misses Frances.
The bolt of lightning hits the soul eater!!
You kill the soul eater!
The soul eater disappears in a puff of smoke!
The bolt of lightning hits the red devil!
The red devil is heavily wounded.
The sun demon misses you.
Unknown command.
Okay, then.
Unknown command.
Frances chants phrases taken from a devil's mouth.
The sun demon hits you but does no damage.
Aiming: Mindburst
Press: ? - help, Shift-Dir - straight line, f/p - Frances
Aim: Frances, wielding a +0 dire flail and wearing a +0 ring mail (almost dead, fast, chance to affect: 12%) Frances resists with almost no effort.
The sun demon hits you!!
You are engulfed in flames.
You resist.
Unknown command.
Frances hits you with a +0 dire flail!!
* * * LOW HITPOINT WARNING * * *
Frances whispers indecipherable words.
The iron shot hits you!!
Ouch! That really hurt!
You die...

..# . # ..#####
....#'##+#.......
....4@.4.........
#####+##.........
...#3........
..#.3.......
#.#@#######.
#.#@# #.'.# #.#.#
#.#.#
.#######.#..
.........#..#
.......<.#..#
.........+..#
.........#...


You could see Frances (fast), a sun demon (summoned), a sixfirhy (summoned) and
a red devil (summoned).

Vanquished Creatures
  2 boulder beetles
  A centaur warrior (D:13)
  3 two-headed ogres
  A deep elf pyromancer (D:12)
  2 ugly things
  2 cyclopes (D:12)
  A manticore (D:12)
  Joseph (D:9)
  2 gargoyles
  A kobold demonologist (D:11)
  An unseen horror (D:11)
  A troll (D:11)
  5 slime creatures (D:12)
  3 shadows
  10 yaks
  4 wraiths
  2 steam dragons
  6 vampire mosquitoes (D:12)
  A two-headed ogre zombie (D:11)
  6 water moccasins
  5 orc warriors
  A black bear (D:6)
  An ice beast (D:8)
  3 necrophages
  An ogre (D:5)
  A centaur (D:9)
  A phantom (D:11)
  3 kobold brigands
  A bullfrog (D:6)
  A gnoll sergeant (D:9)
  A water moccasin skeleton (D:6)
  A troll zombie (D:11)
  8 killer bees (D:8)
  2 jellies (D:6)
  8 wights
  3 howler monkeys
  9 centaur zombies
  A gnoll shaman (D:4)
  Crazy Yiuf (D:5)
  7 orc priests
  4 hounds
  2 iguanas
  A centaur skeleton (D:5)
  Natasha (thrice) (D:4)
  7 orc wizards
  4 ogre zombies (D:11)
  A hound skeleton (D:2)
  2 howler monkey zombies
  22 gnolls
  2 howler monkey skeletons (D:7)
  4 adders
  A shadow imp (D:6)
  2 ufetubi
  A worm (D:2)
  2 dart slugs (D:1)
  20 orcs
  3 bats (D:1)
  9 endoplasms
  4 giant cockroaches
  15 goblins
  16 hobgoblins
  4 jackals (D:4)
  36 kobolds
  6 quokkas
  5 ball pythons
  A frilled lizard (D:1)
  A goblin skeleton (D:11)
  2 goblin zombies (D:11)
  A hobgoblin skeleton (D:11)
  4 hobgoblin zombies (D:11)
  A jackal skeleton (D:4)
  An orc skeleton (D:11)
  11 orc zombies (D:11)
  6 rats
318 creatures vanquished.

Vanquished Creatures (collateral kills)
  The ghost of ragingrage the Sneak, a weakling MfDe of Okawaru (D:4)
  2 gnolls (D:4)
  An orc (D:10)
4 creatures vanquished.

Vanquished Creatures (others)
  A lava snake (D:10)
  449 foxfires
  6 plants (D:4)
  4 toadstools (D:8)
  3 withered plants (D:9)
463 creatures vanquished.

Grand Total: 785 creatures vanquished

Notes
Turn   | Place    | Note
-------+----------+-------------------------------------------
     0 | D:1      | pokeman the Deep Elf Hedge Wizard began the quest for the
                  | Orb.
     0 | D:1      | Reached XP level 1. HP: 10/10 MP: 7/7
   296 | D:1      | Reached XP level 2. HP: 16/16 MP: 6/9
   710 | D:1      | Reached skill level 5 in Spellcasting
   980 | D:1      | Reached XP level 3. HP: 20/20 MP: 9/11
   984 | D:1      | Learned a level 3 spell: Mephitic Cloud
   987 | D:1      | Learned a level 2 spell: Call Imp
   990 | D:1      | Learned a level 2 spell: Blink
   994 | D:1      | Learned a level 3 spell: Conjure Flame
  1565 | D:2      | Reached skill level 1 in Fighting
  1565 | D:2      | Reached skill level 1 in Armour
  1811 | D:2      | Reached XP level 4. HP: 25/25 MP: 8/13
  2728 | D:3      | Reached skill level 1 in Fire Magic
  3203 | D:3      | Found a faded altar of an unknown god.
  3282 | D:4      | Reached skill level 6 in Spellcasting
  3392 | D:4      | Reached XP level 5. HP: 27/28 MP: 13/15
  3796 | D:4      | Noticed a necrophage
  3811 | D:4      | Killed a necrophage
  3812 | D:4      | Reached skill level 1 in Air Magic
  4064 | D:4      | Found a transporter.
  4101 | D:4      | Noticed Natasha
  4112 | D:4      | Killed Natasha
  4113 | D:4      | Reached XP level 6. HP: 23/34 MP: 17/17
  4304 | D:4      | Found a transporter.
  4538 | D:4      | Noticed ragingrage's ghost (weakling MfDe)
  4731 | D:4      | Noticed Natasha
  4737 | D:4      | Killed Natasha
  4921 | D:4      | Noticed Natasha
  4928 | D:4      | Killed Natasha
  4988 | D:4      | Reached skill level 7 in Spellcasting
  4988 | D:4      | Reached skill level 1 in Poison Magic
  5151 | D:4      | Killed ragingrage's ghost
  5481 | D:5      | Entered Level 5 of the Dungeon
  5540 | D:5      | Noticed a water moccasin
  5549 | D:5      | Killed a water moccasin
  5550 | D:5      | Reached XP level 7. HP: 25/40 MP: 20/20
  5693 | D:5      | Reached skill level 8 in Spellcasting
  5723 | D:5      | Found a staircase to the Ecumenical Temple.
  5729 | Temple   | Entered the Ecumenical Temple
  5800 | Temple   | Became a worshipper of Vehumet
  5886 | D:5      | Reached skill level 1 in Evocations
  6133 | D:5      | Found a runed translucent door.
  6134 | D:5      | Noticed Crazy Yiuf
  6224 | D:5      | Killed Crazy Yiuf
  6388 | D:6      | Reached XP level 8. HP: 39/44 MP: 19/22
  6431 | D:6      | Reached skill level 9 in Spellcasting
  6471 | D:6      | Noticed a gargoyle
  6916 | D:6      | Reached skill level 5 in Conjurations
  6944 | D:6      | Found a shimmering blue altar of Sif Muna.
  7067 | D:6      | Reached skill level 10 in Spellcasting
  7141 | D:6      | Killed a gargoyle
  7141 | D:6      | Reached * piety under Vehumet
  7141 | D:6      | Offered knowledge of Sandblast by Vehumet.
  7483 | D:7      | Found Dosex's Assorted Antiques.
  7520 | D:7      | Reached XP level 9. HP: 45/48 MP: 25/25
  8543 | D:8      | Reached skill level 11 in Spellcasting
  8749 | D:8      | Reached skill level 12 in Spellcasting
  8763 | D:8      | Noticed a two-headed ogre
  8774 | D:8      | Killed a two-headed ogre
  8775 | D:8      | Reached skill level 5 in Fire Magic
  8784 | D:8      | Reached XP level 10. HP: 56/56 MP: 11/28
  9700 | D:9      | Found Origamo's Antique Weapon Boutique.
  9709 | D:9      | Reached skill level 13 in Spellcasting
  9817 | D:9      | Offered knowledge of Foxfire by Vehumet.
  9820 | D:9      | Learned a level 1 spell: Foxfire
  9898 | D:9      | Reached ** piety under Vehumet
 10167 | D:9      | Noticed Joseph
 10201 | D:9      | Killed Joseph
 10202 | D:9      | Reached skill level 14 in Spellcasting
 10654 | D:9      | Offered knowledge of Inner Flame by Vehumet.
 10732 | D:9      | Found Mettiaf's Armour Boutique.
 10761 | D:9      | Bought the +1 helmet of the Stallion {rPois rF+} for 415
                  | gold pieces
 10809 | D:9      | Found Otuuzul's Jewellery Shoppe.
 10815 | D:9      | Found Vuang's Weapon Emporium.
 10898 | D:9      | Found a staircase to the Lair.
 10947 | D:10     | Entered Level 10 of the Dungeon
 10950 | D:10     | Noticed a two-headed ogre
 10963 | D:10     | Killed a two-headed ogre
 10964 | D:10     | Reached XP level 11. HP: 51/61 MP: 29/31
 11660 | D:10     | Reached *** piety under Vehumet
 11677 | D:10     | Noticed a green ugly thing
 11691 | D:10     | Killed a green ugly thing
 11692 | D:10     | Reached skill level 15 in Spellcasting
 12000 | D:10     | Found Cam Pay's Assorted Antiques.
 12677 | D:11     | Reached skill level 5 in Armour
 12799 | D:11     | Found a staircase to the Orcish Mines.
 13208 | D:11     | Noticed a two-headed ogre
 13223 | D:11     | Killed a two-headed ogre
 13465 | D:11     | Offered knowledge of Iskenderun's Mystic Blast by Vehumet.
 13753 | D:12     | Identified a scroll of acquirement
 13753 | D:12     | Acquired the Almanac of Conjuration
 13760 | D:12     | Learned a level 4 spell: Flame Wave
 13766 | D:12     | Learned a level 5 spell: Fireball
 13772 | D:12     | Learned a level 5 spell: Lightning Bolt
 13876 | D:12     | Found a flagged portal.
 13890 | Bailey   | Entered a bailey
 13895 | Bailey   | Reached **** piety under Vehumet
 14052 | Bailey   | Offered knowledge of Stone Arrow by Vehumet.
 14086 | Bailey   | Learned a level 3 spell: Stone Arrow
 14264 | Bailey   | Acquired 679 gold pieces
 14415 | D:12     | Reached skill level 16 in Spellcasting
 14599 | D:12     | Reached skill level 5 in Fighting
 14647 | D:12     | Reached XP level 12. HP: 58/68 MP: 28/34
 14815 | D:12     | Noticed a boulder beetle
 14821 | D:12     | Killed a boulder beetle
 15076 | D:13     | Noticed a boulder beetle
 15076 | D:13     | Noticed a boulder beetle
 15079 | D:13     | Noticed a centaur warrior
 15087 | D:13     | Killed a centaur warrior
 15088 | D:13     | Reached skill level 10 in Conjurations
 15090 | D:13     | Noticed a tengu warrior
 15092 | D:13     | Killed a boulder beetle
 15092 | D:13     | Noticed a tengu warrior
 15093 | D:13     | Reached skill level 17 in Spellcasting
 15168 | D:13     | Noticed Frances
 15183 | D:13     | HP: 1/68 [Frances (22)]
 15184 | D:13     | Killed from afar by Frances

Illustrated notes

Levels and vault maps discovered:
D:1:      amcnicky_arrival_wind_blow, layout_loops_ring,
          wander_ebering_terrifying_dragon_lair
D:2:      layout_basic, grunt_decor_cap
D:3:      layout_rooms, shapermc_ecumenical_altar_mp_highgroup,
          kennysheep_generic_room_15
D:4:      minmay_chambers_of_threes, layout_loops_ring,
          gammafunk_ghost_gnarly_gnolls, uniq_natasha
D:5:      layout_cave_pools, minmay_temple_entry_fiery, uniq_crazy_yiuf_cottage
D:6:      layout_gridville, nicolae_sif_muna_condensation
D:7:      layout_layer_cave, serial_shops, shop
D:8:      layout_loops_ring, minmay_gold_behind_fungi
D:9:      layout_rooms, lair_entry_dummy, serial_undead, serial_undead_b,
          serial_undead_e, serial_undead_d, serial_undead_f, serial_shops,
          kennysheep_mini_moat, shop, nicolae_shop_waterfront,
          nicolae_shop_bloodbath_and_beyond, uniq_joseph
D:10:     layout_basic, serial_shops, nicolae_shop_stone, grunt_ministairs_6,
          kennysheep_cluttered_room
D:11:     layout_irregular_city, zombieorc2_lemuel
D:12:     layout_roguey, enter_bailey_3
D:13:     layout_irregular_city, kennysheep_donut, grunt_ministairs_14,
          uniq_urug, uniq_frances, uniq_erolcha
Temple:   mainiacjoe_temple_circle_huts

Skill      XL: |  1  2  3  4  5  6  7  8  9 10 11 12 |
---------------+-------------------------------------+-----
Spellcasting   | 5 6 7 8 10 12 14 16 17 | 17.0
Fighting       | 1 2 3 4 5 |  5.4
Armour         | 1 2 3 4 5 |  5.0
Conjurations   | 2 3 4 5 7 8 9 10 | 10.1
Fire Magic     | 1 3 5 7 8 9 |  9.0
Dodging        | 3 |  3.0
Stealth        | 3 |  3.0
Air Magic      | 1 |  1.2
Poison Magic   | 2 |  2.1
Evocations     | 2 |  2.0
Summonings     | |  1.1
Translocations | |  1.1

Action                   |  1- 3 |  4- 6 |  7- 9 | 10-12 || total
-------------------------+-------+-------+-------+-------++-------
Melee: Dagger            |     4 |    86 |       |       ||    90
       Spear             |       |     4 |    63 |   191 ||   258
 Cast: Magic Dart        |    91 |    92 |   129 |   147 ||   459
       Conjure Flame     |     1 |     4 |    18 |    45 ||    68
       Mephitic Cloud    |       |     9 |    13 |    28 ||    50
       Call Imp          |       |     3 |     1 |     5 ||     9
       Blink             |       |     2 |       |     3 ||     5
       Foxfire           |       |       |       |   254 ||   254
       Fireball          |       |       |       |    34 ||    34
       Flame Wave        |       |       |       |     6 ||     6
       Lightning Bolt    |       |       |       |    10 ||    10
Evoke: Wand              |       |       |     2 |     1 ||     3
  Use: Scroll            |       |       |       |    12 ||    12
 Stab: Sleeping          |     1 |       |       |       ||     1
       Confused          |       |     3 |     5 |     8 ||    16
Armor: Robe              |     1 |       |       |       ||     1
       Leather armour    |       |    23 |     5 |       ||    28
       Steam dragon scal |       |       |     7 |   122 ||   129
Dodge: Dodged            |     4 |    68 |    43 |   166 ||   281

Table legend: (Time is in decaauts)
 A = Elapsed time spent in this place.
 B = Non-inter-level travel time spent in this place.
 C = Inter-level travel time spent in this place.
 D = Time resting spent in this place.
 E = Time spent auto-exploring this place.
 F = Levels seen in this place.
 G = Mean time per level.
                   A        B        C        D        E       F      G
               +--------+--------+--------+--------+--------+-----+--------+
         Total |  15215 |  14472 |    743 |   1081 |  10218 |  15 | 1014.3 |
       Dungeon |  14732 |  14009 |    723 |   1081 |   9939 |  13 | 1133.2 |
        Temple |     92 |     72 |     20 |      0 |     51 |   1 |   92.0 |
        Bailey |    390 |    390 |      0 |      0 |    228 |   1 |  390.0 |
               +--------+--------+--------+--------+--------+-----+--------+

Top non-repeatable levels by time:
     D:4: 2204 daAuts
    D:10: 1825 daAuts
     D:1: 1356 daAuts
     D:8: 1253 daAuts
     D:9: 1239 daAuts
     D:7: 1183 daAuts
     D:2: 1165 daAuts
    D:12: 1000 daAuts
    D:11: 976 daAuts
     D:6: 903 daAuts
     D:5: 811 daAuts
     D:3: 756 daAuts
  Bailey: 390 daAuts
  Temple: 92 daAuts
    D:13: 56 daAuts
